 Dungeon Crawl Stone Soup version 0.29-a0-653-gd47aff6735 (webtiles) character file.

Game seed: 2733873292381052038

3707 vineage the Fighter (level 9, 0/82 HPs)
             Began as a Demonspawn Gladiator on June 21, 2022.
             Was a Follower of Okawaru.
             Slain by a yak (10 damage)
             ... on level 8 of the Dungeon.
             The game lasted 00:10:38 (8484 turns).

vineage the Fighter (Demonspawn Gladiator)          Turns: 8484, Time: 00:10:39

Health: 0/82       AC: 16    Str: 18    XL:     9   Next: 91%
Magic:  2/3        EV: 10    Int: 11    God:    Okawaru [*.....]
Gold:   357        SH:  5    Dex: 14    Spells: 8/8 levels left

rFire   . . .      SeeInvis .   o - +3 short sword (antimagic)
rCold   . . .      Faith    .   m - +0 buckler
rNeg    . . .      Spirit   .   l - +0 plate armour
rPois   +          Reflect  .   (helmet restricted)
rElec   .          Harm     .   t - scarf {shadows}
rCorr   .          Rampage  .   C - +2 pair of gloves
Will    .....                   (no boots)
Stlth   ..........              (no amulet)
HPRegen 0.23/turn               i - ring of poison resistance
MPRegen 0.08/turn               s - +4 ring of evasion

@: studying Polearms
A: antennae 1, thin metallic scales 1, powered by pain 3, spiny 2
a: Renounce Religion, Heroism


You were on level 8 of the Dungeon.
You worshipped Okawaru.
Okawaru was aware of your devotion.
You visited 2 branches of the dungeon, and saw 9 of its levels.

You collected 357 gold pieces.

Inventory:

Hand Weapons
 a - a +0 flail
 o - a +3 antimagic short sword (weapon)
Missiles
 d - 5 throwing nets (quivered)
 e - a javelin
Armour
 b - a +0 leather armour
 c - a +0 helmet
 g - a +0 pair of gloves
 l - a +0 plate armour (worn)
 m - a +0 buckler (worn)
 t - a scarf of shadows (worn)
 C - a +2 pair of gloves (worn)
Jewellery
 i - a ring of poison resistance (left hand)
 r - a ring of protection from cold
 s - a +4 ring of evasion (right hand)
 x - a ring of wizardry
Wands
 u - a wand of iceblast (13)
 y - a wand of polymorph (14)
Scrolls
 h - 5 scrolls of teleportation
 j - a scroll of immolation
 k - 4 scrolls of identify
Potions
 f - a potion of invisibility
 n - 2 potions of brilliance
 p - a potion of attraction
 q - a potion of heal wounds
 v - a potion of cancellation
 z - a potion of flight
 A - a potion of might {unknown}


   Skills:
 + Level 12.1 Fighting
 + Level 2.5 Short Blades
 - Level 2.6 Maces & Flails
 - Level 1.7 Throwing
 + Level 3.0 Armour
 + Level 3.8 Dodging
 + Level 3.3 Stealth
 + Level 3.0 Shields


You had 8 spell levels left.
You didn't know any spells.
Your spell library contained the following spells:

 Spells                   Type           Power      Damage    Failure   Level
 Static Discharge         Conj/Air       0%         N/A       100%        2
 Frozen Ramparts          Ice            0%         1d2       100%        3
 Dispel Undead            Necr           0%         3d6       100%        4
 Ice Form                 Ice/Tmut       0%         N/A       100%        4
 Sticky Flame             Conj/Fire      0%         2d3       100%        4
 Borgnjor's Vile Clutch   Necr/Erth      0%         N/A       100%        5
 Animate Dead             Necr           Unusable   N/A       N/A         4
 Summon Ice Beast         Ice/Summ       Unusable   N/A       N/A         4
 Death Channel            Necr           Unusable   N/A       N/A         6

Dungeon Overview and Level Annotations

Branches:
Dungeon (8/15)             Temple (1/1) D:6
   Lair: D:8-11

Altars:
Ashenzari
Cheibriados
Dithmenos
Elyvilon
Gozag
Kikubaaqudgha
Makhleb
Nemelex Xobeh
Okawaru
Qazlal
Sif Muna
Trog
Uskayaw
Vehumet
Wu Jian
Xom
Yredelemnul
Zin

Shops:
D:2 *


Innate Abilities, Weirdness & Mutations

You have a pair of small antennae on your head.
You are partially covered in thin metallic scales. (AC +2)
You are powered by pain.
You are mostly covered in sharp spines.


Message History

You block the steam dragon's attack. The steam dragon claws you.
* * * LOW HITPOINT WARNING * * *
You puncture the steam dragon!
You kill the steam dragon!
Okawaru accepts your kill.
Your base Shields skill increases to level 3!
You hit the yak but do no damage.
You feel like a meek peon again. The yak is struck by your spines.
The yak gores you but does no damage.
You hit the yak but do no damage.
The yak is lightly wounded.
The yak gores you but does no damage.
You hit the yak.
The yak is lightly wounded.
You block the yak's attack.
You puncture the yak!
The yak is moderately wounded.
The yak is struck by your spines. The yak gores you.
* * * LOW HITPOINT WARNING * * *
You barely miss the yak.
The yak is heavily wounded.
The yak gores you.
* * * LOW HITPOINT WARNING * * *
You hit the yak.
The yak is severely wounded.
The yak is struck by your spines. The yak closely misses you.
You hit the yak.
The yak is almost dead.
The yak gores you.
* * * LOW HITPOINT WARNING * * *
You hit the yak but do no damage.
The yak is almost dead.
The yak gores you but does no damage.
You closely miss the yak.
The yak is almost dead.
You block the yak's attack.
You hit the yak but do no damage.
The yak is almost dead.
The yak gores you!
You die...

## .# #.. .# #.#
#.# .# #.# #.# .#
#.# ###.# .# #.# #
...## .###.####.#
... .##.......#
#Y# ....#..####
#@# ###.......#
#.#### # ##.....[#
#....###### #
####...#
♣♣♣###........ #
#..## ♣.♣
#.#######
##.##♣♣.♣♣♣#.#
######.'♣))....'.#
.......#.♣♣.♣♣♣###
######.#♣♣♣.♣


You could see a yak.

Vanquished Creatures
  The ghost of jazmu the Thaumaturge, a novice OpEE (D:7)
  2 steam dragons
  3 yaks (D:8)
  An ice beast (D:5)
  2 black bears (D:6)
  A sky beast (D:7)
  2 ogres
  A centaur (D:6)
  3 phantoms (D:6)
  3 bullfrogs
  3 gnoll sergeants
  2 necrophages
  3 scorpions
  5 wights (D:6)
  2 howler monkeys
  An orc priest (D:6)
  5 jellies
  4 hounds
  An iguana (D:7)
  A gnoll shaman (D:7)
  An orc wizard (D:6)
  20 gnolls
  7 adders
  A white imp (D:6)
  An ufetubus (D:4)
  2 worms
  2 dart slugs
  11 orcs
  6 bats
  5 endoplasms
  7 giant cockroaches
  10 goblins
  8 hobgoblins
  3 jackals (D:3)
  3 quokkas
  11 ball pythons
  4 frilled lizards
  6 kobolds
  7 rats
161 creatures vanquished.

Notes
Turn   | Place    | Note
-------+----------+-------------------------------------------
     0 | D:1      | vineage the Demonspawn Gladiator began the quest for the
                  | Orb.
     0 | D:1      | Reached XP level 1. HP: 16/16 MP: 1/1
   442 | D:1      | Gained mutation: You sometimes gain a little power by
                  | taking damage. [demonic ancestry]
   442 | D:1      | Reached XP level 2. HP: 23/23 MP: 2/2
   605 | D:1      | Reached skill level 3 in Fighting
   762 | D:1      | Found a faded altar of an unknown god.
   859 | D:2      | Gained mutation: You are partially covered in sharp spines.
                  | [demonic ancestry]
   859 | D:2      | Reached XP level 3. HP: 29/29 MP: 3/3
  1022 | D:2      | Found Uxythraj's Assorted Antiques.
  1117 | D:2      | Reached skill level 4 in Fighting
  1799 | D:3      | Gained mutation: You are mostly covered in sharp spines.
                  | [demonic ancestry]
  1799 | D:3      | Reached XP level 4. HP: 38/38 MP: 4/4
  1969 | D:3      | Found a radiant altar of Vehumet.
  2287 | D:3      | Reached skill level 5 in Fighting
  2549 | D:4      | Noticed an ogre
  2556 | D:4      | Killed an ogre
  2557 | D:4      | Reached XP level 5. HP: 46/46 MP: 1/5
  2795 | D:4      | Reached skill level 6 in Fighting
  3171 | D:4      | Gained mutation: You sometimes gain power by taking damage.
                  | [demonic ancestry]
  3171 | D:4      | Reached XP level 6. HP: 36/53 MP: 2/6
  3290 | D:4      | Noticed a steam dragon
  3296 | D:4      | Killed a steam dragon
  3297 | D:4      | Reached skill level 7 in Fighting
  3811 | D:5      | Entered Level 5 of the Dungeon
  4039 | D:4      | HP: 2/55 [gnoll sergeant/+4 vampiric spear (7)]
  4046 | D:4      | Gained mutation: You are partially covered in thin metallic
                  | scales. (AC +2) [demonic ancestry]
  4046 | D:4      | Reached XP level 7. HP: 14/61 MP: 2/7
  4293 | D:5      | Reached skill level 8 in Fighting
  4513 | D:5      | HP: 1/63 [gnoll/+2 halberd of flaming (3)]
  4897 | D:5      | Found an ornate altar of the Wu Jian Council.
  5000 | D:4      | Reached skill level 9 in Fighting
  5538 | D:5      | Gained mutation: You are powered by pain. [demonic
                  | ancestry]
  5538 | D:5      | Reached XP level 8. HP: 62/71 MP: 2/8
  5916 | D:6      | Reached skill level 10 in Fighting
  6606 | D:6      | Reached skill level 11 in Fighting
  6687 | D:6      | Found a shadowy altar of Dithmenos.
  6839 | D:6      | Found a snail-covered altar of Cheibriados.
  6860 | D:6      | Found a staircase to the Ecumenical Temple.
  6873 | Temple   | Entered the Ecumenical Temple
  7071 | Temple   | Became a worshipper of Warmaster Okawaru
  7291 | D:6      | Gained mutation: You have a pair of small antennae on your
                  | head. [demonic ancestry]
  7291 | D:6      | Reached XP level 9. HP: 82/82 MP: 3/9
  7323 | D:6      | Reached skill level 1 in Armour
  7323 | D:6      | Reached skill level 1 in Stealth
  7323 | D:6      | Reached skill level 1 in Shields
  7337 | D:6      | Found a hide-covered altar of Uskayaw.
  7891 | D:7      | Reached skill level 1 in Short Blades
  7978 | D:7      | Found a sparkling altar of Nemelex Xobeh.
  8076 | D:7      | Found a runed translucent door.
  8077 | D:7      | Noticed jazmu's ghost (novice OpEE)
  8251 | D:7      | Killed jazmu's ghost
  8252 | D:7      | Reached skill level 12 in Fighting
  8327 | D:8      | Reached * piety under Okawaru
  8484 | D:8      | Slain by a yak

Illustrated notes

Levels and vault maps discovered:
D:1:      minmay_arrival_shattered_statue, layout_loops_cross,
          hellmonk_ecumenical_altar_leap_of_faith, minmay_liquid_box,
          chequers_mini_garden
D:2:      layout_loops_ring, serial_shops, nicolae_shop_behind_doors
D:3:      minmay_bubble_buster, layout_loops_cross, mainiacjoe_overflow_paths
D:4:      layout_basic, minmay_manual_mess
D:5:      layout_loops_cross, mainiacjoe_overflow_cross_hatched, st_stairs_13,
          lightli_minifort
D:6:      layout_loops_cross, nicolae_dithmenos_shadow_blocks,
          old_standard_altar, kennysheep_mini_moat,
          minmay_temple_entry_statues_pillars
D:7:      layout_basic, nemelex_diamond_rough_becter, gammafunk_ghost_grave
D:8:      layout_loops_ring, nicolae_ru_awakened_eye, enter_bailey_2,
          kennysheep_small_circle, uniq_maggie
Temple:   minmay_temple_bridge_abc

Skill      XL: |  1  2  3  4  5  6  7  8  9 |
---------------+----------------------------+-----
Fighting       | 3 4 5 6 7 9 11 12 | 12.1
Armour         | 3 |  3.0
Stealth        | 3 |  3.3
Shields        | 3 |  3.0
Short Blades   | 2 |  2.5
Dodging        | 3 |  3.8
Maces & Flails | |  2.6
Throwing       | |  1.7

Action                   |  1- 3 |  4- 6 |  7- 9 || total
-------------------------+-------+-------+-------++-------
Melee: Flail             |   109 |     3 |       ||   112
       Punch             |     1 |       |       ||     1
       Short sword       |       |    83 |   279 ||   362
Invok: Heroism           |       |       |     1 ||     1
  Use: Scroll            |       |     6 |     9 ||    15
       Potion            |       |     3 |     3 ||     6
 Stab: Sleeping          |     1 |       |       ||     1
Armor: Leather armour    |    20 |       |       ||    20
       Plate armour      |    38 |    50 |   165 ||   253
Dodge: Dodged            |    52 |    23 |    86 ||   161
Block: Buckler           |       |       |    35 ||    35

Table legend: (Time is in decaauts)
 A = Elapsed time spent in this place.
 B = Non-inter-level travel time spent in this place.
 C = Inter-level travel time spent in this place.
 D = Time resting spent in this place.
 E = Time spent auto-exploring this place.
 F = Levels seen in this place.
 G = Mean time per level.
                   A        B        C        D        E       F      G
               +--------+--------+--------+--------+--------+-----+--------+
         Total |   8554 |   8208 |    346 |   1040 |   6002 |   9 |  950.4 |
       Dungeon |   8337 |   8018 |    319 |   1040 |   5818 |   8 | 1042.1 |
        Temple |    217 |    190 |     27 |      0 |    184 |   1 |  217.0 |
               +--------+--------+--------+--------+--------+-----+--------+

Top non-repeatable levels by time:
     D:4: 1886 daAuts
     D:5: 1471 daAuts
     D:6: 1360 daAuts
     D:3: 1003 daAuts
     D:7: 849 daAuts
     D:1: 816 daAuts
     D:2: 754 daAuts
  Temple: 217 daAuts
     D:8: 193 daAuts
